 Dungeon Crawl Stone Soup version 0.32-a0-128-g77eb882913 (webtiles) character file.

Game seed: 391968973901212831

481042 Newt the Merry Kobold (level 25, -5/164 HPs)
             Began as a Kobold Hunter on Feb 7, 2024.
             Was the Champion of Hepliaklqana.
             Slain by a stone giant (37 damage)
             ... on level 1 of the Depths.
             The game lasted 01:23:22 (53999 turns).

Newt the Merry Kobold (Kobold Hunter)              Turns: 53999, Time: 01:23:23

Health: -5/164     AC: 12    Str: 16    XL:     25   Next: 37%
Magic:  49/49      EV: 33    Int: 16    God:    Hepliaklqana [******]
Gold:   2117       SH:  5    Dex: 30    Spells: 43/49 levels left

rFire   + . .        F - +8 triple crossbow of Lust {freeze, rElec rC+ Str-4 Dex+3}
rCold   . . .        (shield currently unavailable)
rNeg    . . .        g - +1 leather armour of Dice, Bag, and Bottle {rF+ rC- Dex+2}
rPois   .            B - +3 hat of Pondering {ponderous, Will+ MP+10 Int+5}
rElec   +            E - +0 cloak of the Northern Lights {Harm}
rCorr   +            J - +2 pair of gloves
SInv    +            (no boots)
Will    ++++.        v - amulet "Unkepi" {Reflect rCorr Str+7 SH+5}
Stlth   +++++++      q - ring of Zidupy {Will++ Slay+4}
HPRegen 0.47/turn    h - +4 ring of slaying
MPRegen 0.31/turn

%: harm (+30% outgoing, +20% incoming), reflection, clarity
@: studying Summonings, slow
A: reduced essence, small, no large weapons, nightstalker 3, see invisible,
clarity, wild magic 2
}: 4/15 runes: decaying, serpentine, slimy, silver
a: Renounce Religion, Recall Ancestor, Ancestor Identity, Transference, Idealise


You were on level 1 of the Depths.
You worshipped Hepliaklqana.
Hepliaklqana was exalted by your worship.
You visited 10 branches of the dungeon, and saw 45 of its levels.
You also visited: Ossuary, Ice Cave and Desolation.

You collected 5957 gold pieces.
You spent 3840 gold pieces at shops.

Inventory:

Hand Weapons
 F - the +8 triple crossbow of Lust (weapon) {freeze, rElec rC+ Str-4 Dex+3}
   (You bought it in a shop on level 2 of the Orcish Mines)

   Str-4:     It affects your strength (-4).
   Dex+3:     It affects your dexterity (+3).
   rC+:       It protects you from cold.
   rElec:     It insulates you from electricity.
 S - a +0 triple crossbow of flaming
Armour
 g - the +1 leather armour of Dice, Bag, and Bottle (worn) {rF+ rC- Dex+2}
   (You found it on level 2 of the Swamp)

   Dex+2:     It affects your dexterity (+2).
   rF+:       It protects you from fire.
   rC-:       It makes you vulnerable to cold.
 B - the +3 hat of Pondering (worn) {ponderous, Will+ MP+10 Int+5}
   (You bought it in a shop on level 2 of the Elven Halls)

   Int+5:     It affects your intelligence (+5).
   Will+:     It increases your willpower.
   MP+10:     It affects your magic capacity (+10).
 E - the +0 cloak of the Northern Lights (worn) {Harm}
   (You found it on level 1 of the Snake Pit)

   Harm:      It increases damage dealt and taken.
 J - a +2 pair of gloves (worn)
 L - a +2 cloak of preservation
Jewellery
 h - a +4 ring of slaying (right hand)
 j - a ring of willpower
 k - a ring of positive energy
 o - a ring of protection from cold
 p - the ring of the Present {Fly rF- rC+ rN+}
   (You took it off a deep elf annihilator on level 3 of the Elven Halls)

   [ring of flight]

   rF-:       It makes you vulnerable to fire.
   rC+:       It protects you from cold.
   rN+:       It protects you from negative energy.
   Fly:       It grants you flight.
 q - the ring of Zidupy (left hand) {Will++ Slay+4}
   (You found it on level 5 of the Pits of Slime)

   [ring of slaying]

   Slay+4:    It affects your accuracy & damage with ranged weapons and melee
   (+4).
   Will++:    It greatly increases your willpower.
 v - the amulet "Unkepi" (around neck) {Reflect rCorr Str+7 SH+5}
   (You took it off a deep elf annihilator on level 3 of the Elven Halls)

   [amulet of reflection]

   Reflect:   It reflects blocked missile attacks.
   Str+7:     It affects your strength (+7).
   rCorr:     It protects you from acid and corrosion.
   SH+5:      It affects your SH (+5).
 y - a ring of resist corrosion
 C - a ring of poison resistance
 G - a ring of fire
 O - a ring of protection from fire
 W - a +6 ring of dexterity
Wands
 s - a wand of mindburst (37)
 x - a wand of paralysis (27)
 K - a wand of light (18)
 N - a wand of roots (33)
 U - a wand of flame (55)
Scrolls
 f - 7 scrolls of immolation
 i - 30 scrolls of teleportation
 l - 6 scrolls of revelation
 n - 3 scrolls of fear
 w - 4 scrolls of fog
 z - 7 scrolls of enchant weapon
 D - 3 scrolls of silence
 H - 4 scrolls of enchant armour
 M - 3 scrolls of noise
 Q - 7 scrolls of poison
 V - 6 scrolls of blinking
Potions
 d - 5 potions of ambrosia
 e - 7 potions of heal wounds
 m - 8 potions of cancellation
 r - 3 potions of lignification
 t - 5 potions of mutation
 A - 8 potions of resistance
 I - 5 potions of might
 P - 27 potions of curing
 R - 2 potions of haste
 T - 3 potions of invisibility
 X - 3 potions of berserk rage
 Z - 12 potions of enlightenment
Miscellaneous
 a - a sack of spiders (inert)
 b - a phial of floods
 c - a phantom mirror
 u - a lightning rod (4/4)
 Y - a condenser vane (inert)


   Skills:
 + Level 25.6 Fighting
 O Level 27 Ranged Weapons
 - Level 7.1 Armour
 - Level 16.0 Dodging
 - Level 14.0 Stealth
 - Level 12.6 Spellcasting
 - Level 12.6 Alchemy
 - Level 9.4 Invocations
 - Level 15.1 Evocations


You had 43 spell levels left.
You knew the following spells:

 Your Spells              Type           Power      Damage    Failure   Level
a - Eringya's Noxious Bo  Alch           34%        4d6       16%         6

Your spell library contained the following spells:

 Spells                   Type           Power      Damage    Failure   Level
 Sting                    Conj/Alch      100%       1d9       3%          1
 Alistair's Intoxication  Alch           46%        N/A       4%          5
 Cigotuvi's Dreadful Rot  Necr/Alch/Air  74%        N/A       7%          2
 Fulminant Prism          Conj/Alch      24%        3d12      14%         4
 Ignite Poison            Fire/Alch      48%        N/A       14%         4
 Petrify                  Alch/Erth      48%        N/A       14%         4
 Sticky Flame             Fire/Alch      48%        2d9       14%         4
 Apportation              Tloc           32%        N/A       19%         1
 Freeze                   Ice            64%        1d7       19%         1
 Kiss of Death            Conj/Necr      64%        2d10      19%         1
 Magic Dart               Conj           64%        1d6       19%         1
 Sandblast                Erth           32%        2d9       19%         1
 Shock                    Conj/Air       64%        1d7       19%         1
 Summon Small Mammal      Summ           64%        N/A       19%         1
 Blink                    Tloc           32%        N/A       26%         2
 Call Imp                 Summ           32%        N/A       26%         2
 Ensorcelled Hibernation  Hex/Ice        32%        N/A       26%         2
 Jinxbite                 Hex            32%        N/A       26%         2
 Lesser Beckoning         Tloc           32%        N/A       26%         2
 Scorch                   Fire           32%        2d6       26%         2
 Searing Ray              Conj           32%        2d5       26%         2
 Static Discharge         Conj/Air       32%        3-5/arc   26%         2
 Sublimation of Blood     Necr           16%        N/A       26%         2
 Irradiate                Conj/Alch      24%        3d19      32%         5
 Yara's Violent Unravell  Hex/Alch       24%        3d11      32%         5
 Call Canine Familiar     Summ           16%        N/A       43%         3
 Confusing Touch          Hex            16%        N/A       43%         3
 Dazzling Flash           Conj/Hex       32%        N/A       43%         3
 Frozen Ramparts          Ice            32%        1d5       43%         3
 Fugue of the Fallen      Necr           16%        N/A       43%         3
 Gell's Gravitas          Tloc           16%        N/A       43%         3
 Hailstorm                Conj/Ice       16%        3d6       43%         3
 Ozocubu's Armour         Ice            16%        N/A       43%         3
 Passwall                 Erth           16%        N/A       43%         3
 Sigil of Binding         Hex            16%        N/A       43%         3
 Stone Arrow              Conj/Erth      32%        3d9       43%         3
 Summon Ice Beast         Ice/Summ       16%        N/A       43%         3
 Swiftness                Air            16%        N/A       43%         3
 Teleport Other           Tloc           16%        N/A       43%         3
 Tukima's Dance           Hex            16%        N/A       43%         3
 Vampiric Draining        Necr           16%        2d7       43%         3
 Airstrike                Air            8%         2d(2-18)  78%         4
 Anguish                  Hex/Necr       8%         N/A       78%         4
 Brom's Barrelling Bould  Conj/Erth      16%        2d4       78%         4
 Cause Fear               Hex            8%         N/A       78%         4
 Dimensional Bullseye     Hex/Tloc       8%         N/A       78%         4
 Dispel Undead            Necr           16%        3d10      78%         4
 Flame Wave               Conj/Fire      16%        2d7       78%         4
 Iskenderun's Mystic Bla  Conj/Tloc      16%        2d5       78%         4
 Manifold Assault         Tloc           16%        N/A       78%         4
 Martyr's Knell           Necr/Summ      16%        N/A       78%         4
 Summon Lightning Spire   Summ/Air       16%        N/A       78%         4
 Vhi's Electric Charge    Tloc/Air       32%        N/A       78%         4
 Sculpt Simulacrum        Ice/Alch       24%        N/A       82%         6
 Arcjolt                  Conj/Air       8%         1d18      98%         5
 Borgnjor's Vile Clutch   Necr/Erth      8%         N/A       98%         5
 Fireball                 Conj/Fire      8%         3d6       98%         5
 Freezing Cloud           Conj/Ice/Air   8%         6-21      98%         5
 Iskenderun's Battlesphe  Conj           16%        2d7       98%         5
 Metabolic Englaciation   Hex/Ice        8%         N/A       98%         5
 Summon Mana Viper        Hex/Summ       16%        N/A       98%         5
 Bombard                  Conj/Erth      8%         9d2       100%        6
 Conjure Ball Lightning   Conj/Air       8%         3x3d6     100%        6
 Death Channel            Necr           8%         N/A       100%        6
 Dispersal                Tloc           8%         N/A       100%        6
 Plasma Beam              Fire/Air       8%         2x1d18    100%        6
 Summon Cactus Giant      Summ           8%         N/A       100%        6
 Enfeeble                 Hex            8%         N/A       100%        7
 Malign Gateway           Summ/Tloc      8%         N/A       100%        7
 Monstrous Menagerie      Summ           8%         N/A       100%        7
 Orb of Destruction       Conj           8%         9d6       100%        7
 Spellforged Servitor     Conj/Summ      8%         N/A       100%        7
 Borgnjor's Revivificati  Necr           8%         N/A       100%        8
 Ignition                 Fire           8%         3d5       100%        8
 Infestation              Necr           8%         N/A       100%        8
 Dragon's Call            Summ           8%         N/A       100%        9
 Polar Vortex             Ice            8%         12d1*     100%        9


Dungeon Overview and Level Annotations

Branches:
Dungeon (15/15)            Temple (1/1) D:4            Lair (5/5) D:9
  Swamp (4/4) Lair:2        Snake (4/4) Lair:3        Slime (5/5) Lair:4
    Orc (2/2) D:11            Elf (3/3) Orc:2        Vaults (5/5) D:13
  Crypt (0/3) Vaults:3     Depths (1/4) D:15        Ossuary (visited)
  IceCv (visited)         Desolation (visited)

Altars:
Ashenzari
Cheibriados
Dithmenos
Elyvilon
Fedhas
Gozag
Hepliaklqana
Kikubaaqudgha
Makhleb
Nemelex Xobeh
Okawaru
Qazlal
Ru
Sif Muna
Trog
Uskayaw
Vehumet
Wu Jian
Xom
Yredelemnul
Zin
The Shining One
Jiyva
Lugonu

Shops:
D:10 *   Orc:2 (=[*[   Elf:2 [   Snake:2 :!   Vaults:3 =   Vaults:5 :

Annotations:
Depths:1 Boris


Innate Abilities, Weirdness & Mutations

Your life essence is reduced to manifest your ancestor. (-10% HP)
You are small and have problems with some larger weapons.
You are completely attuned to the shadows.
You have supernaturally acute eyesight. (SInv)
You possess an exceptional clarity of mind.
Your spells are harder to cast, but more powerful.


Message History

The bolt of fire misses you.
You shoot a bolt. The bolt hits the fire dragon.
The bolt freezes the fire dragon.
The fire dragon is severely wounded.
Teicuih hits the hell knight with a +0 broad axe of speed!!
A hell knight comes into view. It is wielding a +3 halberd of pain.
Boris, Master of Life and Death comes into view.
He is wearing a +2 robe of resistance.
You block the fire dragon's attack.
The fire dragon claws you but does no damage.
The fire dragon tramples you.
You stumble backwards!
Unknown command.
You shoot a bolt. The bolt hits the fire dragon!!!
The bolt freezes the fire dragon!!
You kill the fire dragon!
The fire dragon scales are intact enough to wear.
Teicuih hits the hell knight but does no damage.
Teicuih hits the stone giant with a +0 broad axe of speed.
The hell knight hits Teicuih with a +2 heavy great sword!!
Teicuih hits the hell knight with a +0 broad axe of speed. x2
The hell knight mumbles some strange prayers to its god.
The hell knight seems to speed up.
Teicuih hits the hell knight with a +0 broad axe of speed!
Teicuih hits the stone giant with a +0 broad axe of speed!
Teicuih hits the hell knight with a +0 broad axe of speed.
Teicuih blocks the hell knight's attack.
Boris casts a spell at you. The bolt of cold hits you!!!
* * * LOW HITPOINT WARNING * * *
There is a staircase back to the Dungeon, spattered with blood here.
Things that are here:
+0 fire dragon scales; a fire dragon corpse Unknown command.
Unknown command.
Teicuih blocks the hell knight's attack.
Teicuih hits the hell knight with a +0 broad axe of speed!
Teicuih closely misses the hell knight.
Teicuih hits the stone giant with a +0 broad axe of speed.
The stone giant hits you!!
You die...
Hepliaklqana delivers you to your ancestors.

..........
...p......
..)Rp....
....C†L#..
...)@.(...
..........
........$.
..).##..##
..## .#.


You could see the friendly Teicuih the knight (fast, reflecting), Boris, a stone
giant and 2 hell knights.

Vanquished Creatures
  the Royal Jelly (Slime:5)
  Sojobo (Vaults:3)
  Saint Roka (Vaults:5)
  2 golden dragons (Vaults:5)
  Nikola (Snake:2)
  A tentacled monstrosity (Vaults:4)
  A lich (Depths:1)
  3 titans
  A quicksilver dragon (Vaults:4)
  A deep elf master archer (Elf:3)
  4 sphinxes
  13 acid blobs
  Aizul (Snake:3)
  Agnes (Snake:3)
  2 storm dragons (Vaults:5)
  4 nagarajas
  2 shadow dragons (Vaults:5)
  A thorn hunter (Swamp:4)
  Donald (Vaults:3)
  3 tengu reavers
  2 fire giants (Vaults:5)
  3 azure jellies
  7 rockslimes
  2 frost giants (Vaults:5)
  6 deep elf sorcerers
  9 vault wardens
  An iron dragon (Vaults:5)
  An imperial myrmidon (Desolation)
  A deep elf elementalist (Elf:3)
  10 ironbound preservers
  4 ironbound thunderhulks
  8 quicksilver oozes
  3 very ugly things
  4 eleionomae
  8 stone giants
  10 formless jellyfish
  4 deep elf death magi (Elf:3)
  2 war gargoyles
  10 deep elf annihilators
  A vampire knight (Vaults:3)
  5 deep elf demonologists
  2 halazid warlocks (Desolation)
  10 dire elephants
  Azrael (Elf:2)
  6 ettins
  2 fire dragons (Depths:1)
  5 crystal guardians
  2 ragged hierophants (Desolation)
  12 yaktaur captains
  3 entropy weavers (Vaults:4)
  8 deep elf high priests
  2 shambling mangroves (Swamp:2)
  Harold (Lair:1)
  8 servants of whispers (Desolation)
  20 vault guards
  7 great orbs of eyes
  A sphinx zombie (D:15)
  A salamander tyrant (Snake:4)
  8 ironbound frosthearts
  7 peacekeepers
  A ghost crab (Swamp:1)
  16 hydras
  2 ogre magi (Vaults:5)
  6 boulder beetles
  7 two-headed ogres
  11 centaur warriors
  4 alligators
  28 dancing weapons
  5 anacondas
  8 naga warriors
  5 death yaks (Lair:3)
  A deep troll earth mage (Vaults:4)
  An orc high priest (Vaults:5)
  A spriggan berserker (Swamp:3)
  21 naga sharpshooters
  A vampire mage (Vaults:3)
  A tengu warrior (D:15)
  7 hell knights
  8 spriggans
  9 deep elf knights
  8 shock serpents
  Lodul (D:13)
  A skyshark (Lair:3)
  9 mana vipers
  5 salamander mystics
  8 naga ritualists
  6 skeletal warriors
  27 deep trolls
  3 spriggan druids
  A glowing orange brain (Slime:5)
  2 death drakes (Swamp:3)
  7 goliath frogs
  A flayed ghost (D:15)
  8 swamp dragons
  7 deep elf archers
  7 bog bodies
  3 phantasmal warriors
  9 lindwurms
  A harpy (shapeshifter) (Elf:2)
  6 arcanists
  17 ironbound convokers
  5 necromancers
  7 harpies (Vaults:1)
  7 orc knights
  A shining eye (shapeshifter) (Vaults:4)
  26 deep elf pyromancers
  32 deep elf zephyrmancers
  2 will-o-the-wisps
  Maurice (D:8)
  An oklob plant (Lair:5)
  15 ugly things
  4 cyclopes
  A manticore (shapeshifter) (Vaults:1)
  3 orc sorcerers
  5 shining eyes
  4 elephants
  A manticore (D:14)
  A stone giant skeleton (Vaults:4)
  33 black mambas
  9 salamanders
  5 guardian serpents
  15 vault sentinels
  A torpor snail (Lair:5)
  15 naga magi
  A molten gargoyle (Desolation)
  4 eyes of devastation
  A gargoyle (D:11)
  10 cane toads
  A cane toad (shapeshifter) (Elf:2)
  An efreet (D:15)
  6 komodo dragons
  3 kobold demonologists
  5 rime drakes
  8 ice devils (IceCv)
  A tengu conjurer (D:15)
  24 yaktaurs
  2 anaconda simulacra (IceCv)
  A yaktaur skeleton (Vaults:4)
  2 bloated husks
  A queen bee (shapeshifter) (D:13)
  10 tyrant leeches
  3 trolls
  3 polar bears
  37 saltlings (Desolation)
  11 hornets
  17 blink frogs
  Prince Ribbit (D:8)
  A human simulacrum (Vaults:4)
  62 slime creatures
  2 air elementals (Elf:3)
  28 yaks
  A dire elephant simulacrum (IceCv)
  A shadow (D:11)
  4 wraiths
  4 wyverns
  3 fire elementals
  4 water elementals
  A golden eye (Slime:5)
  2 wargs
  15 vampire mosquitoes
  A basilisk (D:14)
  3 death yak simulacra (IceCv)
  5 redbacks (Vaults:4)
  15 swamp worms
  2 harpy simulacra (IceCv)
  A hydra simulacrum (IceCv)
  3 acid dragons
  32 nagas
  18 water moccasins
  4 hell hounds (Elf:2)
  19 orc warriors
  An ice beast (D:7)
  A laughing skull (D:13)
  10 swamp drakes
  A sky beast (D:7)
  A black bear (Lair:4)
  16 ogres
  7 centaurs
  6 wolves
  6 boggarts
  A kobold brigand (D:8)
  A phantom (D:4)
  A weeping skull (Ossuary)
  11 bullfrogs
  A gnoll sergeant (D:11)
  3 scorpions
  A cane toad simulacrum (IceCv)
  4 earth elementals
  5 wights
  11 killer bees
  2 elephant simulacra (IceCv)
  4 electric eels
  2 bombardier beetles
  A centaur zombie (Ossuary)
  A spectral scorpion (Ossuary)
  3 human zombies (Ossuary)
  3 hounds
  2 jellies (Lair:4)
  19 orc priests
  Crazy Yiuf (D:5)
  3 iguanas
  Natasha (thrice) (D:3)
  A sleepcap (D:6)
  17 orc wizards
  2 hell rats (Lair:5)
  7 polar bear simulacra (IceCv)
  2 troll simulacra (IceCv)
  A wolf simulacrum (IceCv)
  A crocodile zombie (Ossuary)
  2 hound zombies (Ossuary)
  3 mummies (Ossuary)
  9 adders
  8 gnolls
  2 naga simulacra (IceCv)
  A shadow imp (D:5)
  2 white imps (IceCv)
  An ufetubus (D:6)
  3 adder zombies (Ossuary)
  3 dart slugs
  2 ribbon worms
  75 orcs
  5 endoplasms
  2 giant cockroaches (D:4)
  5 goblins
  8 hobgoblins
  9 jackals
  6 kobolds
  3 quokkas
  4 ball pythons
  4 ball python zombies (Ossuary)
  4 bats
  3 frilled lizards
  2 gnoll zombies (Ossuary)
  6 jackal zombies (Ossuary)
  4 kobold zombies (Ossuary)
  3 orc zombies (Ossuary)
  11 rats
1463 creatures vanquished.

Vanquished Creatures (collateral kills)
  A dread lich (Vaults:4)
  Vashnia (Snake:4)
  3 titans (Vaults:5)
  A deep elf blademaster (Elf:3)
  Jorgrun (Elf:2)
  An acid blob (Slime:5)
  A deep elf master archer (Elf:3)
  2 tengu reavers
  A storm dragon (Vaults:5)
  An azure jelly (Slime:5)
  2 vault wardens
  2 deep elf sorcerers (Elf:3)
  3 rockslimes (Slime:5)
  An iron dragon (Vaults:5)
  A deep elf elementalist (Elf:3)
  An ironbound preserver (Vaults:2)
  2 orc warlords
  A stone giant (Vaults:5)
  2 formless jellyfish (Slime:5)
  2 ironbound thunderhulks
  5 quicksilver oozes
  A deep elf death mage (Elf:3)
  A deep elf demonologist (Elf:3)
  An eleionoma (Swamp:3)
  2 deep elf annihilators (Elf:3)
  2 halazid warlocks (Desolation)
  An eidolon (Vaults:3)
  2 entropy weavers
  2 ragged hierophants (Desolation)
  2 servants of whispers (Desolation)
  3 deep elf high priests (Elf:3)
  A rakshasa (Depths:1)
  4 yaktaur captains
  2 hydras
  7 vault guards
  A catoblepas (Lair:2)
  Erica (D:11)
  2 ogre magi
  2 alligators
  4 centaur warriors
  2 boulder beetles (Vaults:1)
  A two-headed ogre (shapeshifter) (D:13)
  4 two-headed ogres
  A dancing weapon (Elf:2)
  2 orc high priests
  5 deep elf knights
  A hell knight (Vaults:5)
  A shock serpent (Snake:4)
  A skeletal warrior (D:15)
  A goliath frog (Lair:5)
  3 swamp dragons
  2 arcanists
  A spark wasp zombie (D:15)
  4 deep trolls
  A deep elf archer (Elf:3)
  2 harpies (Vaults:1)
  2 necromancers
  A bog body (Swamp:4)
  A phantasmal warrior (Vaults:3)
  A steelbarb worm (shapeshifter) (Vaults:5)
  2 deep elf zephyrmancers (Elf:1)
  2 orc knights
  A deep elf pyromancer (Elf:1)
  3 ugly things
  2 salamanders (Snake:4)
  A cyclops (D:13)
  An orc sorcerer (Orc:2)
  A will-o-the-wisp (Swamp:2)
  A vault sentinel (Vaults:5)
  5 elephants
  A stone giant skeleton (Vaults:4)
  5 black mambas
  An ice statue (IceCv)
  A kobold blastminer (Orc:1)
  2 naga magi
  A torpor snail (Lair:4)
  A guardian serpent (Snake:4)
  12 cane toads
  2 tengu conjurers
  4 komodo dragons
  5 yaktaurs
  7 ice devils (IceCv)
  2 freezing wraiths
  2 trolls
  2 tyrant leeches
  A tengu simulacrum (Vaults:4)
  A polar bear (Lair:5)
  7 blink frogs
  4 saltlings (Desolation)
  3 hornets
  A culicivora (Vaults:4)
  18 slime creatures
  A water elemental (Elf:1)
  27 yaks
  2 wyverns
  A dire elephant simulacrum (IceCv)
  3 basilisks
  3 vampire mosquitoes
  A death yak simulacrum (IceCv)
  A harpy simulacrum (IceCv)
  5 swamp worms
  A naga (Snake:4)
  A hell hound (Elf:2)
  7 water moccasins
  A swamp drake (Swamp:4)
  9 orc warriors
  A black bear (D:7)
  A laughing skull (D:13)
  5 ogres
  6 wolves
  2 bullfrogs
  2 scorpions (D:5)
  A cane toad simulacrum (IceCv)
  An elephant simulacrum (IceCv)
  A killer bee (D:9)
  A hound (D:6)
  A jelly (D:7)
  3 orc priests
  2 iguanas
  10 orc wizards
  4 hell rats (Lair:5)
  2 polar bear simulacra (IceCv)
  A wolf simulacrum (IceCv)
  3 gnolls
  A shadow imp (D:6)
  An ufetubus (D:6)
  A dart slug (D:5)
  31 orcs
  A jackal (D:5)
  A kobold (D:8)
361 creatures vanquished.

Vanquished Creatures (others)
  A yaktaur captain (Vaults:3)
  A centaur warrior (Vaults:3)
  A naga sharpshooter (Snake:4)
  A vault sentinel (Vaults:3)
  5 yaktaurs
  36 knights
  2 ancestors
  A quokka (D:5)
  6 foxfires
54 creatures vanquished.

Grand Total: 1878 creatures vanquished

Notes
Turn   | Place    | Note
-------+----------+-------------------------------------------
     0 | D:1      | Newt the Kobold Hunter began the quest for the Orb.
     0 | D:1      | Reached XP level 1. HP: 12/12 MP: 1/1
   123 | D:1      | Reached XP level 2. HP: 18/18 MP: 2/2
   616 | D:1      | Reached skill level 6 in Ranged Weapons
   827 | D:1      | Reached XP level 3. HP: 22/22 MP: 3/3
  1496 | D:2      | Reached XP level 4. HP: 28/28 MP: 4/4
  2019 | D:3      | Identified the +5 spear "Ygurag" {elec, rPois rF+ rC-
                  | rN+++}
  2111 | D:3      | Noticed Natasha
  2118 | D:3      | Killed Natasha
  2119 | D:3      | Reached skill level 7 in Ranged Weapons
  2119 | D:3      | Reached XP level 5. HP: 18/32 MP: 5/5
  2414 | D:3      | Noticed Natasha
  2416 | D:3      | Killed Natasha
  2417 | D:3      | Reached XP level 6. HP: 38/38 MP: 6/6
  2472 | D:3      | Noticed Natasha
  2473 | D:3      | Reached skill level 8 in Ranged Weapons
  2475 | D:3      | Killed Natasha
  2521 | D:3      | Noticed an ogre
  2529 | D:3      | Killed an ogre
  2536 | D:3      | Identified the +0 dagger of Grontol {flame, Will+ Int+9}
  2547 | D:3      | Found a sparkling altar of Nemelex Xobeh.
  3009 | D:4      | Found a staircase to the Ecumenical Temple.
  3047 | Temple   | Entered the Ecumenical Temple
  3068 | Temple   | Became a worshipper of Hepliaklqana the Forgotten
  3153 | D:4      | Reached XP level 7. HP: 44/44 MP: 7/7
  3153 | D:4      | Found a sand-covered staircase.
  3159 | Ossuary  | Entered an ossuary
  3188 | Ossuary  | Reached skill level 9 in Ranged Weapons
  3211 | Ossuary  | Reached skill level 5 in Fighting
  3378 | Ossuary  | Reached skill level 10 in Ranged Weapons
  3646 | D:4      | Reached XP level 8. HP: 50/50 MP: 8/8
  3853 | D:4      | Reached * piety under Hepliaklqana
  3891 | D:4      | Reached skill level 11 in Ranged Weapons
  4215 | D:4      | Found a hide-covered altar of Uskayaw.
  4358 | D:5      | Entered Level 5 of the Dungeon
  4384 | D:5      | Found a shimmering altar of Xom.
  4515 | D:5      | Identified the +0 chain mail "Febunn" {Harm}
  4895 | D:6      | Reached skill level 12 in Ranged Weapons
  4895 | D:6      | Reached XP level 9. HP: 24/50 MP: 9/9
  4915 | D:6      | Reached skill level 1 in Armour
  5231 | D:5      | Found a runed translucent door.
  5234 | D:5      | Noticed Crazy Yiuf
  5336 | D:5      | Found a white marble altar of Elyvilon.
  5403 | D:5      | Found a blossoming altar of Fedhas.
  5721 | D:5      | Killed Crazy Yiuf
  6000 | D:6      | Reached ** piety under Hepliaklqana
  6001 | D:6      | Remembered your ancestor Teicuih as a knight
  6183 | D:6      | Found an ancient bone altar of Kikubaaqudgha.
  7001 | D:7      | Reached XP level 10. HP: 50/58 MP: 8/10
  7079 | D:7      | Found an iron altar of Okawaru.
  7223 | D:7      | Reached skill level 5 in Dodging
  7240 | D:7      | Identified the +6 chain mail of Waysiumai {Regen+}
  7615 | D:8      | Reached *** piety under Hepliaklqana
  7744 | D:8      | Found a sacrificial altar of Ru.
  7744 | D:8      | Noticed a komodo dragon
  7749 | D:8      | Killed a komodo dragon
  7964 | D:8      | Found a bloodstained altar of Trog.
  8015 | D:8      | Noticed Maurice
  8025 | D:8      | Killed Maurice
  8026 | D:8      | Reached skill level 10 in Fighting
  8030 | D:8      | Reached skill level 13 in Ranged Weapons
  8032 | D:8      | Reached XP level 11. HP: 64/64 MP: 11/11
  8146 | D:8      | Noticed Prince Ribbit
  8152 | D:8      | Killed Prince Ribbit
  8387 | D:8      | Found a glowing silver altar of Zin.
  8387 | D:8      | Noticed an angel
  8690 | D:9      | Noticed a two-headed ogre
  8694 | D:9      | Killed a two-headed ogre
  8695 | D:9      | Reached skill level 14 in Ranged Weapons
  8930 | D:9      | Identified the +3 war axe "Leviticus" {freeze, rElec rN+}
  9101 | D:9      | Found a staircase to the Lair.
  9582 | D:9      | Reached skill level 15 in Ranged Weapons
  9895 | D:10     | Entered Level 10 of the Dungeon
  9931 | D:10     | Noticed a two-headed ogre
  9937 | D:10     | Killed a two-headed ogre
  9952 | D:10     | Reached **** piety under Hepliaklqana
 10031 | D:10     | Found Nughyitodo's Assorted Antiques.
 10042 | D:10     | Bought a scorched scale mail for 189 gold pieces
 10042 | D:10     | Identified the +0 scale mail of Iloha {rN+} (You bought it
                  | in a shop on level 10 of the Dungeon)
 10042 | D:10     | Bought a potion of curing for 63 gold pieces
 10042 | D:10     | Bought a potion of curing for 63 gold pieces
 10236 | D:10     | Found a radiant altar of Vehumet.
 10327 | D:10     | Reached skill level 16 in Ranged Weapons
 10334 | D:10     | Reached skill level 1 in Evocations
 10516 | D:10     | Found a sacrificial altar of Ru.
 10610 | D:11     | Reached XP level 12. HP: 60/72 MP: 9/12
 10647 | D:11     | Noticed a two-headed ogre
 10653 | D:11     | Killed a two-headed ogre
 10762 | D:11     | Found a staircase to the Orcish Mines.
 10873 | D:11     | Reached skill level 5 in Evocations
 11001 | D:11     | Noticed Erica
 11010 | D:11     | Killed Erica
 12169 | D:12     | Noticed a boulder beetle
 12185 | D:12     | Noticed a skeletal warrior
 12196 | D:12     | Killed a boulder beetle
 12197 | D:12     | Noticed a skeletal warrior
 12197 | D:12     | Noticed a skeletal warrior
 12199 | D:12     | Noticed a skeletal warrior
 12201 | D:12     | Killed a skeletal warrior
 12221 | D:12     | Killed a skeletal warrior
 12222 | D:12     | Reached XP level 13. HP: 54/79 MP: 8/13
 12252 | D:12     | Reached skill level 10 in Evocations
 12465 | D:12     | Reached ***** piety under Hepliaklqana
 12716 | D:12     | HP: 1/79 [boulder beetle (28)]
 12734 | D:12     | Reached skill level 1 in Invocations
 12858 | D:13     | Noticed Lodul
 12868 | D:13     | Killed Lodul
 13063 | D:13     | Reached skill level 5 in Invocations
 13553 | D:13     | Found a gate to the Vaults.
 13554 | D:13     | Noticed an ettin
 13565 | D:13     | Killed an ettin
 13690 | D:14     | Found a corrupted altar of Lugonu.
 13816 | D:14     | Noticed a six-headed hydra
 13829 | D:14     | Killed a six-headed hydra
 13892 | D:14     | Noticed a centaur warrior
 13897 | D:14     | Killed a centaur warrior
 14350 | D:14     | Noticed a centaur warrior
 14377 | D:14     | Killed a centaur warrior
 14734 | D:15     | Entered Level 15 of the Dungeon
 14832 | D:15     | Reached XP level 14. HP: 36/86 MP: 4/20
 15274 | D:15     | Reached skill level 15 in Fighting
 15366 | D:15     | Reached skill level 5 in Armour
 15778 | D:15     | Found a staircase to the Depths.
 16576 | Lair:1   | Entered Level 1 of the Lair of Beasts
 16727 | Lair:1   | Noticed Harold
 16756 | Lair:1   | Killed Harold
 17124 | Lair:1   | You fall into a shaft and drop 1 floor!
 17183 | Lair:2   | Found a frozen archway.
 17189 | IceCv    | Entered an ice cave
 18003 | IceCv    | Found an ancient bone altar of Kikubaaqudgha.
 18025 | IceCv    | Got Teetikk Bass's Lessons on the Tundra
 18175 | IceCv    | Reached skill level 10 in Dodging
 18214 | IceCv    | Reached XP level 15. HP: 50/86 MP: 8/22
 18371 | IceCv    | Got the Collected Works on the Ghastly Iceberg
 18629 | Lair:2   | Reached ****** piety under Hepliaklqana
 19192 | Lair:2   | Found a staircase to the Swamp.
 19296 | Lair:3   | Found a staircase to the Snake Pit.
 19638 | Lair:3   | Reached skill level 17 in Ranged Weapons
 20843 | Lair:4   | Found a viscous altar of Jiyva.
 20865 | Lair:4   | Found a staircase to the Slime Pits.
 21106 | Lair:4   | Reached skill level 18 in Ranged Weapons
 21477 | Lair:5   | Entered Level 5 of the Lair of Beasts
 21527 | Lair:5   | Reached XP level 16. HP: 76/100 MP: 17/23
 21846 | Lair:5   | Found a shimmering altar of Xom.
 22028 | Lair:5   | Reached skill level 19 in Ranged Weapons
 23268 | Orc:1    | Entered Level 1 of the Orcish Mines
 23357 | Orc:2    | Entered Level 2 of the Orcish Mines
 23429 | Orc:2    | Found a staircase to the Elven Halls.
 23591 | Orc:2    | Found Ogib's Antique Armour Emporium.
 23659 | Orc:2    | Reached skill level 20 in Ranged Weapons
 23792 | Orc:2    | Found Sisomnin's Antique Armour Emporium.
 23822 | Orc:2    | Found Kuical's General Store.
 23827 | Orc:2    | Bought a scroll of blinking for 75 gold pieces
 23827 | Orc:2    | Bought a potion of curing for 30 gold pieces
 23912 | Orc:2    | Found Menoe's Antique Weapon Emporium.
 23917 | Orc:2    | Bought a transparent triple crossbow for 465 gold pieces
 23917 | Orc:2    | Identified the +8 triple crossbow of Lust {freeze, rElec
                  | rC+ Str-4 Dex+3} (You bought it in a shop on level 2 of the
                  | Orcish Mines)
 23917 | Orc:2    | Bought a translucent shortbow for 248 gold pieces
 23917 | Orc:2    | Identified the +6 shortbow of Newt's Dismemberment {elec,
                  | Fly rPois rC- Dex-5} (You bought it in a shop on level 2 of
                  | the Orcish Mines)
 23930 | Orc:2    | Found Sehifown's Jewellery Emporium.
 24154 | Orc:2    | Bought a pair of embroidered gloves for 262 gold pieces
 24361 | Swamp:1  | Entered Level 1 of the Swamp
 24625 | Orc:2    | Bought a ring of poison resistance for 360 gold pieces
 25117 | Swamp:1  | Reached skill level 21 in Ranged Weapons
 25513 | Swamp:1  | Reached XP level 17. HP: 108/108 MP: 24/24
 25912 | Swamp:2  | Identified the +1 leather armour of Dice, Bag, and Bottle
                  | {rF+ rC- Dex+2}
 26385 | Swamp:2  | Identified the +10 scale mail of Wymoag {rN++}
 26419 | Swamp:2  | Reached skill level 22 in Ranged Weapons
 27279 | Swamp:4  | Entered Level 4 of the Swamp
 27418 | Swamp:4  | Reached skill level 5 in Stealth
 27528 | Swamp:4  | Noticed a thorn hunter
 27536 | Swamp:4  | Killed a thorn hunter
 27609 | Swamp:4  | Got a decaying rune of Zot
 27885 | Swamp:4  | Reached XP level 18. HP: 115/115 MP: 25/25
 28189 | Elf:1    | Entered Level 1 of the Elven Halls
 28358 | Elf:1    | Reached skill level 10 in Stealth
 29086 | Elf:1    | Got the Almanac of Energy and Companions
 29309 | Elf:2    | Found a runed translucent gate.
 29309 | Elf:2    | Found a runed translucent gate.
 29309 | Elf:2    | Found a runed translucent gate.
 29382 | Elf:2    | Found Funyuzid's Antique Armour Shoppe.
 29491 | Elf:2    | Noticed Jorgrun
 29498 | Elf:2    | Killed Jorgrun
 30100 | Elf:2    | Noticed Azrael
 30106 | Elf:2    | Killed Azrael
 30191 | Elf:2    | HP: 4/117 [+1 scimitar of flaming (11)]
 30540 | Elf:2    | Reached XP level 19. HP: 122/122 MP: 26/26
 30767 | Elf:3    | Entered Level 3 of the Elven Halls
 31496 | Elf:3    | Noticed a deep elf blademaster
 31499 | Elf:3    | Killed a deep elf blademaster
 31750 | Elf:3    | Identified the +6 great sword of Wyrd {drain, Str+2}
 31764 | Elf:3    | Identified the ring of the Present {Fly rF- rC+ rN+}
 31787 | Elf:3    | Identified the +1 war axe of a treasure trove {flame, rPois
                  | Int+3 Dex+2}
 31787 | Elf:3    | Identified the amulet "Unkepi" {Reflect rCorr Str+7 SH+5}
 31857 | Elf:3    | Identified the +0 leather armour "Ilatal" {^Drain Dex+3
                  | Stlth+}
 31863 | Elf:3    | Reached skill level 15 in Evocations
 32111 | Elf:3    | Identified the staff "Murherol" {rElec rF+ Conj Hexes Air}
 32113 | Elf:3    | Got the Elucidation of Relocation
 32123 | Elf:3    | Got the Secrets of Shocking Evil
 32142 | Elf:3    | Identified the +3 arbalest of Fimbulwinter {freeze, ^Contam
                  | Fly rN+++ Dex-3}
 32158 | Elf:3    | Identified the +3 whip of Xiutz {vamp, rC+ rCorr}
 32165 | Elf:3    | Got Sif Muna's Anthology of the Inflammable Wyrd
 32884 | Vaults:1 | Entered Level 1 of the Vaults
 32912 | Vaults:1 | Found a crumbling gateway.
 32918 | Desolati | Entered the Desolation of Salt
 32938 | Desolati | Reached skill level 23 in Ranged Weapons
 32942 | Desolati | Reached XP level 20. HP: 118/129 MP: 27/27
 33094 | Desolati | Identified the amulet "Dutiuz" {Acrobat rElec Str+3 Dex+5}
 33296 | Desolati | Identified the amulet of Ahyori {Spirit +Blink Will++
                  | Dex+3}
 33302 | Desolati | Got the Papyrus of Blasts
 33310 | Desolati | Got Sif Muna's Tractate on Non-Euclidean Composition
 33486 | Desolati | Identified the amulet "Vitwoy" {Reflect +Blink SH+5}
 33648 | Desolati | Identified the +7 whip of the Four Lovers {flame, Will+}
 33648 | Desolati | Identified the ring "Muyc" {AC+4 Str+3 Dex+2}
 33728 | Desolati | Reached skill level 24 in Ranged Weapons
 33750 | Desolati | Identified the ring "Othysk" {Wiz rPois}
 33761 | Desolati | Identified the amulet of Cimid {RegenMP rPois rF+ Will+
                  | Str-2}
 33942 | Desolati | Got the Cyclopedia of the Flock and Blasphemous Secrets
 33954 | Desolati | Got the Vademecum on the Salvo and Snow
 34342 | Elf:2    | Bought the +3 hat of Pondering {ponderous, Will+ MP+10
                  | Int+5} for 1485 gold pieces
 34342 | Elf:2    | Found the +3 hat of Pondering {ponderous, Will+ MP+10
                  | Int+5}
 35166 | Vaults:1 | Reached skill level 25 in Ranged Weapons
 35790 | Vaults:2 | Reached XP level 21. HP: 136/136 MP: 28/28
 37270 | Vaults:2 | Reached skill level 15 in Dodging
 37455 | Vaults:3 | Found Wirung's Jewellery Emporium.
 37625 | Vaults:3 | Got Sif Muna's Quarto of the Enthralling Adder
 37833 | Vaults:3 | Reached skill level 1 in Spellcasting
 37833 | Vaults:3 | Reached skill level 1 in Alchemy
 37850 | Vaults:3 | Noticed Donald
 37856 | Vaults:3 | Killed Donald
 37945 | Vaults:3 | Reached XP level 22. HP: 103/144 MP: 29/29
 38446 | Vaults:3 | Identified the +0 chain mail "Koxt" {rPois rF+ Regen+}
 38489 | Vaults:3 | Found a staircase to the Crypt.
 38695 | Vaults:4 | Noticed Sojobo
 38727 | Vaults:3 | Killed Sojobo
 39050 | Vaults:4 | Identified the +1 short sword of Pianoy {antimagic, rElec
                  | Int+4}
 39245 | Vaults:4 | Reached skill level 5 in Alchemy
 39246 | Vaults:4 | Reached skill level 5 in Spellcasting
 40259 | Vaults:5 | Entered Level 5 of the Vaults
 40963 | Vaults:5 | Reached XP level 23. HP: 101/150 MP: 35/35
 40964 | Vaults:5 | Noticed a golden dragon
 40967 | Vaults:5 | Killed a golden dragon
 41080 | Vaults:5 | Noticed a golden dragon
 41083 | Vaults:5 | Noticed a dread lich
 41402 | Vaults:4 | Killed a dread lich
 42444 | Vaults:5 | Learned a level 6 spell: Eringya's Noxious Bog
 42497 | Vaults:5 | Reached skill level 10 in Spellcasting
 42497 | Vaults:5 | Reached skill level 10 in Alchemy
 42507 | Vaults:5 | Noticed Saint Roka
 42513 | Vaults:5 | Identified the +9 trident "Kachueg" {drain, rPois Int+4}
 42515 | Vaults:5 | Killed Saint Roka
 42998 | Vaults:5 | Killed a golden dragon
 43077 | Vaults:5 | Identified the staff "Dumeri" {rF+ Int+3 Fire Air}
 43080 | Vaults:5 | Identified the ring "Horesk" {rC+ SInv}
 43420 | Vaults:5 | Found Lub Beod's Book Shoppe.
 43627 | Vaults:5 | Got a silver rune of Zot
 44098 | Snake:1  | Entered Level 1 of the Snake Pit
 44157 | Snake:1  | Identified the +0 cloak of the Northern Lights {Harm}
 44561 | Snake:1  | Found a burning altar of Makhleb.
 45227 | Snake:2  | Noticed Nikola
 45230 | Snake:2  | Killed Nikola
 45293 | Snake:2  | Reached XP level 24. HP: 131/156 MP: 38/38
 45947 | Snake:2  | Found Leprupop's Distillery.
 45951 | Snake:2  | Bought a potion of mutation for 120 gold pieces
 45951 | Snake:2  | Bought a potion of mutation for 120 gold pieces
 45951 | Snake:2  | Bought a potion of invisibility for 120 gold pieces
 45951 | Snake:2  | Bought a potion of cancellation for 120 gold pieces
 45951 | Snake:2  | Bought a potion of cancellation for 120 gold pieces
 45965 | Snake:2  | Found Ganisorphi's Book Shoppe.
 47201 | Snake:3  | Noticed Agnes
 47204 | Snake:3  | Killed Agnes
 47251 | Snake:3  | Identified the serpent talisman "Luabos" {rC+ SInv}
 47251 | Snake:3  | Noticed Aizul
 47253 | Snake:3  | Killed Aizul
 47516 | Snake:4  | Entered Level 4 of the Snake Pit
 48555 | Snake:4  | Noticed Vashnia
 48557 | Snake:4  | Killed Vashnia
 48719 | Snake:4  | Got a serpentine rune of Zot
 50869 | Slime:1  | Entered Level 1 of the Pits of Slime
 50892 | Slime:1  | Paralysed by a formless jellyfish for 1 turns
 52367 | Slime:5  | Entered Level 5 of the Pits of Slime
 52446 | Slime:5  | Reached skill level 26 in Ranged Weapons
 52619 | Slime:5  | Reached XP level 25. HP: 130/163 MP: 39/39
 52633 | Slime:5  | Noticed the Royal Jelly
 52646 | Slime:5  | Killed the Royal Jelly
 52896 | Slime:5  | Identified the +7 dagger "Ocydyet" {speed, Int+6}
 52942 | Slime:5  | Got a slimy rune of Zot
 52944 | Slime:5  | Got the Tome of the Inquisitive Scars
 53015 | Slime:5  | Identified the ring of Zidupy {Will++ Slay+4}
 53108 | Slime:5  | Found the +1 robe of Vines {NoPotionHeal Regen++++}
 53120 | Slime:5  | Identified the +6 morningstar "Pamogiuthrir" {holy, Fly
                  | rPois Int-4}
 53155 | Slime:5  | Gained mutation: You have hidden genetic defects. [a
                  | shining eye]
 53216 | Slime:5  | Lost mutation: You have hidden genetic defects. [potion of
                  | mutation]
 53216 | Slime:5  | Gained mutation: You sometimes lose your temper in combat.
                  | [potion of mutation]
 53216 | Slime:5  | Gained mutation: Your muscles are strong. (Str +4, Int/Dex
                  | -1) [potion of mutation]
 53216 | Slime:5  | Gained mutation: Your flesh is heat resistant. (rF+)
                  | [potion of mutation]
 53674 | Slime:5  | Lost mutation: Your muscles are strong. (Str +4, Int/Dex
                  | -1) [potion of mutation]
 53674 | Slime:5  | Lost mutation: Your flesh is heat resistant. (rF+) [potion
                  | of mutation]
 53674 | Slime:5  | Gained mutation: You are vulnerable to heat. (rF-) [potion
                  | of mutation]
 53675 | Slime:5  | Lost mutation: You are vulnerable to heat. (rF-) [potion of
                  | mutation]
 53675 | Slime:5  | Lost mutation: You sometimes lose your temper in combat.
                  | [potion of mutation]
 53675 | Slime:5  | Gained mutation: You have supernaturally acute eyesight.
                  | (SInv) [potion of mutation]
 53675 | Slime:5  | Gained mutation: Your spells are a little harder to cast,
                  | but a little more powerful. [potion of mutation]
 53675 | Slime:5  | Gained mutation: You possess an exceptional clarity of
                  | mind. [potion of mutation]
 53675 | Slime:5  | Gained mutation: Your spells are harder to cast, but more
                  | powerful. [potion of mutation]
 53973 | Depths:1 | Entered Level 1 of the Depths
 53993 | Depths:1 | Reached skill level 27 in Ranged Weapons
 53996 | Depths:1 | Noticed Boris
 53999 | Depths:1 | Slain by a stone giant

Illustrated notes

Levels and vault maps discovered:
D:1:      beargit_arrival_diablo_church, layout_basic
D:2:      layout_basic
D:3:      layout_rooms, old_standard_altar, interstate_on_off, uniq_natasha
D:4:      layout_gridville, lemuel_round_altar,
          minmay_temple_entry_gardened_gates,
          nicolae_ossuary_entry_false_entrances
D:5:      layout_basic, elyvilon_altar_4, mainiacjoe_overflow_surrounded_room,
          general_overflow_altar, uniq_crazy_yiuf_cottage
D:6:      layout_loops_ring, tgw_kikubaaqudgha
D:7:      layout_basic, kennysheep_little_box, minmay_fractal_squares_5
D:8:      layout_loops_ring, zin_angel, hangedman_feature_mirror, hex_tiny,
          uniq_maurice, uniq_prince_ribbit1
D:9:      wad_woods_pond, layout_loops_corners, erik_lair_orcish_takeover
D:10:     layout_cave_pools, nicolae_ru_the_path_less_chosen,
          nicolae_vehumet_altar_sigil, serial_shops, shop,
          hangedman_corner_corridor
D:11:     layout_basic, david_orc_5, uniq_erica
D:12:     layout_rooms
D:13:     layout_layer_cave, david_vaults_4, uniq_lodul
D:14:     layout_basic, kennysheep_path_1, hangedman_decor_growths,
          tgw_lugonu_bribe
D:15:     gammafunk_depths_entry_grave, layout_gridville
Temple:   nicolae_temple_slightly_damp_pantheon
Lair:1:   layout_chaotic_city, serial_forest, infiniplex_forest_end_2,
          infiniplex_forest_clump_double, infiniplex_forest_lined_2,
          infiniplex_forest_clump_medium, infiniplex_forest_straight_3,
          infiniplex_forest_end_2, infiniplex_forest_straight_4,
          infiniplex_forest_clump_long, uniq_harold
Lair:2:   layout_long_grid, mainiacjoe_swamp_entry_lozenge_pond,
          portal_ice_cave_entry_pillars_2
Lair:3:   layout_chaotic_city, minmay_snake_entry_six_corridors,
          lemuel_fruit_fields, grunt_megastairs_3, serial_bayou_shore_b,
          lemuel_fruit_tree
Lair:4:   layout_concentric_octagons, minmay_slime_entry_pillars,
          pdpol_lair_cavern_descent
Lair:5:   minmay_lair_end_frog_pond, layout_regular_city, lemuel_oklob_altar,
          infiniplex_staircase_pool_2
Swamp:1:  layout_basic_swamp, evilmike_swamp_ruin_house_4
Swamp:2:  layout_falls_marsh, hangedman_swamp_lotus, swamp_pool_5
Swamp:3:  layout_basic_swamp, evilmike_swamp_ruin_house_5
Swamp:4:  swamp_alternative, layout_basic_swamp
Snake:1:  layout_basic, basic_altar
Snake:2:  layout_layer_cave, serial_bayou_pond_e, nicolae_snake_omega,
          minmay_shoptagon, uniq_nikola
Snake:3:  layout_cave_pods, uniq_agnes, uniq_aizul
Snake:4:  johnstein_snake_rune_scales, layout_chambers
Slime:1:  layout_caves
Slime:2:  layout_caves, nicolae_slime_rock_hall_of_fame
Slime:3:  layout_caves
Slime:4:  layout_caves
Slime:5:  slime_pit_nicolae_amoeboid
Orc:1:    layout_diamond_mine
Orc:2:    grunt_orc_cross, layout_caves, serial_shops,
          nicolae_shop_rolling_square
Elf:1:    nicolae_elf_arrival_fired_up, layout_gridlike, minmay_elf_sorcery,
          serial_sigils_hangedman_gut
Elf:2:    nicolae_elf_blades_splatter_lattice
          [nicolae_blade_entry_sentries_behind_glass], layout_loops_ring,
          serial_shops, nicolae_shop_statue_plus, uniq_jorgrun, uniq_azrael
Elf:3:    minmay_elf_hall_x, layout_geoelf_castle
Vaults:1: portal_desolation_entry_garden, hangedman_vaults_hard_town_square,
          hangedman_vaults_cutoff, vaults_room_large_hall,
          nicolae_vaults_shelves_hall, nicolae_vaults_more_shelving_1,
          nicolae_vaults_more_shelving_2, nicolae_vaults_octothorpe,
          nicolae_vaults_weapon_check, vaults_dpeg_doors, layout_vaults_big_room
Vaults:2: v_pattern_1, nicolae_vaults_closet_pinwheel_1, vaults_room_corners,
          v_rooms_1, vaults_mumra_chevron, v_misc_29,
          nicolae_vaults_bisected_exclaves, grunt_vaults_hallway_short,
          layout_vaults_omnigrid, uniq_xtahua
Vaults:3: nicolae_vaults_doubleplus_tesselated, minmay_crypt_entry_simple_box,
          nicolae_vaults_trapezoid_lopsided_1,
          nicolae_vaults_door_testing_chamber, nicolae_vaults_yaktaur_gun_rack,
          nicolae_vaults_angled_halls, hangedman_vaults_slither,
          grunt_vaults_diagonal, nicolae_vaults_shelves_hall,
          vaults_mumra_minichess_inversion, nicolae_vaults_house_3,
          ontoclasm_vaults_eye, layout_vaults_omnibox, serial_shops, shop,
          uniq_donald
Vaults:4: nicolae_vaults_house_2, nicolae_vaults_tangram_2,
          ontoclasm_vaults_chip, ontoclasm_vaults_ligature,
          vaults_mumra_chevron_long, nicolae_vaults_ring_of_whatevers,
          nicolae_vaults_alarming, vaults_room_ringed_pool,
          vaults_standard_mumra_lines, vaults_room_corners, v_alt_pattern_4,
          nicolae_vaults_octothorpe, nicolae_vaults_lightning_bolt,
          nicolae_vaults_enemy_cabinets, nicolae_vaults_little_squares_1,
          nicolae_vaults_little_squares_5, nicolae_vaults_house_3,
          nicolae_vaults_network_periphery, vaults_room_pool,
          layout_vaults_ring, uniq_sojobo
Vaults:5: uniq_saint_roka
Depths:1: layout_cave_shapes, enter_ziggurat_f, hellmouth_2,
          minmay_misc_feat_alley, serial_sigils_hangedman_confine, slow_altar_1,
          uniq_boris

Skill      XL: |  1  2  3  4  5  6  7  8  9 10 11 12 13 14 15 16 17 18 19 20 21 22 23 24 25 |
---------------+----------------------------------------------------------------------------+-----
Ranged Weapons | 6 7 8 10 12 13 16 18 21 22 23 25 26 27 | 27.0
Fighting       | 3 4 5 6 8 10 11 13 14 16 17 18 19 20 21 22 23 24 25 | 25.6
Armour         | 4 7 |  7.1
Dodging        | 4 8 10 11 12 16 | 16.0
Evocations     | 2 9 10 11 15 | 15.1
Invocations    | 8 9 |  9.4
Stealth        | 8 14 | 14.0
Spellcasting   | 2 8 11 12 | 12.6
Alchemy        | 2 8 11 12 | 12.6

Action                     |  1- 3 |  4- 6 |  7- 9 | 10-12 | 13-15 | 16-18 | 19-21 | 22-24 | 25-27 || total
---------------------------+-------+-------+-------+-------+-------+-------+-------+-------+-------++-------
  Melee: Shortbow          |       |       |     7 |       |       |       |       |       |       ||     7
   Fire: Shortbow          |    87 |   100 |   339 |   473 |  1042 |   341 |       |       |       ||  2382
         Triple crossbow   |       |       |       |       |       |   443 |   630 |   749 |    84 ||  1906
   Cast: Eringya's Noxious |       |       |       |       |       |       |       |     3 |       ||     3
 Invoke: Ancestor Life: Kn |       |       |     1 |       |       |       |       |       |       ||     1
         Recall Ancestor   |       |       |       |       |    11 |     2 |     1 |     1 |       ||    15
         Transference      |       |       |       |       |     1 |       |       |       |       ||     1
         Idealise          |       |       |       |       |     1 |     3 |     1 |     1 |     1 ||     7
  Evoke: Wand              |       |       |       |     6 |    11 |    10 |       |     2 |       ||    29
         Condenser vane    |       |       |       |       |     1 |     2 |       |     1 |     1 ||     5
         Sack of spiders   |       |       |       |       |       |       |       |     1 |     1 ||     2
         Phial of floods   |       |       |       |       |       |       |       |     1 |       ||     1
         Phantom mirror    |       |       |       |       |       |       |       |       |     1 ||     1
    Use: Scroll            |     5 |     5 |     5 |     6 |    12 |     8 |     1 |     6 |       ||    48
         Potion            |       |       |     8 |     2 |     6 |     2 |       |     4 |     4 ||    26
 Armour: Leather armour    |    12 |    21 |    46 |       |       |    33 |    54 |   130 |    19 ||   315
         Chain mail        |       |       |    55 |   222 |   603 |   244 |       |       |       ||  1124
         Troll leather arm |       |       |       |       |       |    43 |       |       |       ||    43
         Swamp dragon scal |       |       |       |       |       |     9 |       |       |       ||     9
         Skin              |       |       |       |       |       |       |     1 |       |       ||     1
  Dodge: Dodged            |    37 |    28 |    89 |   157 |   401 |   334 |   111 |   351 |    63 ||  1571
  Block: Other             |       |       |       |       |       |       |    21 |    58 |     6 ||    85
         Reflection        |       |       |       |       |       |       |     8 |     8 |       ||    16

Table legend: (Time is in decaauts)
 A = Elapsed time spent in this place.
 B = Non-inter-level travel time spent in this place.
 C = Inter-level travel time spent in this place.
 D = Time resting spent in this place.
 E = Time spent auto-exploring this place.
 F = Levels seen in this place.
 G = Mean time per level.
                   A        B        C        D        E       F      G
               +--------+--------+--------+--------+--------+-----+--------+
         Total |  56440 |  50653 |   5787 |   7781 |  34824 |  48 | 1175.8 |
       Dungeon |  18034 |  15682 |   2352 |   1680 |  11505 |  15 | 1202.3 |
        Temple |     42 |      1 |     41 |      0 |      0 |   1 |   42.0 |
          Lair |   6256 |   5319 |    937 |    486 |   3796 |   5 | 1251.2 |
         Swamp |   3294 |   3145 |    149 |    434 |   2159 |   4 |  823.5 |
     Snake Pit |   5794 |   5563 |    231 |    473 |   4575 |   4 | 1448.5 |
    Slime Pits |   3066 |   2918 |    148 |    454 |   2184 |   5 |  613.2 |
  Orcish Mines |   1312 |    917 |    395 |     69 |    574 |   2 |  656.0 |
   Elven Halls |   5345 |   4481 |    864 |    931 |   2826 |   3 | 1781.7 |
        Vaults |  10419 |   9753 |    666 |   2548 |   5921 |   5 | 2083.8 |
        Depths |     26 |     26 |      0 |      0 |      1 |   1 |   26.0 |
       Ossuary |    410 |    410 |      0 |     56 |    201 |   1 |  410.0 |
      Ice Cave |   1314 |   1314 |      0 |    344 |    475 |   1 | 1314.0 |
    Desolation |   1121 |   1121 |      0 |    303 |    604 |   1 | 1121.0 |
               +--------+--------+--------+--------+--------+-----+--------+

Top non-repeatable levels by time:
Vaults:4: 3296 daAuts
   Elf:3: 2118 daAuts
   Elf:2: 2058 daAuts
 Snake:4: 2022 daAuts
Vaults:5: 1963 daAuts
     D:9: 1957 daAuts
    D:11: 1839 daAuts
    D:15: 1773 daAuts
Vaults:2: 1767 daAuts
Vaults:1: 1729 daAuts
 Snake:2: 1707 daAuts
Vaults:3: 1662 daAuts
  Lair:5: 1553 daAuts
  Lair:4: 1435 daAuts
 Slime:5: 1401 daAuts
